 Dungeon Crawl Stone Soup version 0.27.1-4-g1640c2035a (webtiles) character file.

Game seed: 12396623341383435152

586 Crownlay the Cleaver (level 7, -10/57 HPs)
             Began as a Hill Orc Fighter on Nov 6, 2021.
             Was an Initiate of Okawaru.
             Mangled by Duvessa (12 damage)
             ... on level 5 of the Dungeon.
             The game lasted 00:05:01 (3902 turns).

Crownlay the Cleaver (Hill Orc Fighter)             Turns: 3902, Time: 00:05:01

Health: -10/57     AC:  8    Str: 21    XL:     7   Next: 37%
Magic:  7/7        EV:  9    Int:  8    God:    Okawaru [......]
Gold:   446        SH:  0    Dex: 10    Spells: 6/6 levels left

rFire    . . .     SeeInvis .   a - +0 war axe
rCold    + . .     Faith    .   (no shield)
rNeg     . . .     Spirit   .   b - +0 scale mail
rPois    .         Reflect  .   (no helmet)
rElec    .         Harm     .   o - +0 cloak
rCorr    .         Rampage  .   (no gloves)
Will     .....                  (no boots)
Stlth    ..........             (no amulet)
HPRegen  0.19/turn              q - ring of protection from cold
MPRegen  0.10/turn              (no ring)

@: lit by a corona, glowing
A: no striking features
a: Renounce Religion


You were on level 5 of the Dungeon.
You worshipped Okawaru.
Okawaru was noncommittal.
You visited 1 branch of the dungeon, and saw 5 of its levels.
You also visited: Ossuary.

You collected 446 gold pieces.

Inventory:

Hand Weapons
 a - a +0 war axe (weapon)
Armour
 b - a +0 scale mail (worn)
 c - a +0 kite shield
 o - a +0 cloak (worn)
Jewellery
 q - a ring of protection from cold (left hand)
Wands
 r - a wand of iceblast (11)
Scrolls
 e - a scroll of amnesia
 f - a scroll of acquirement {unknown}
 i - 2 scrolls of enchant weapon
 m - 3 scrolls of teleportation {unknown}
 p - a scroll of identify
 t - a scroll of fear {unknown}
Potions
 g - 3 potions of degeneration {unknown}
 h - a potion of ambrosia {unknown}
 j - 2 potions of curing {unknown}
 k - 2 potions of heal wounds {unknown}
 l - 2 potions of haste {unknown}
 n - a potion of brilliance {unknown}
 s - a potion of magic {unknown}


   Skills:
 - Level 3.6 Fighting
 * Level 8.7 Axes
 - Level 3.2 Armour
 + Level 5.8 Shields


You had 6 spell levels left.
You didn't know any spells.
Your spell library was empty.

Dungeon Overview and Level Annotations

Branches:
Dungeon (5/15)            Ossuary (visited)
 Temple: D:4-7

Altars:
Fedhas
Okawaru
Sif Muna

Annotations:
D:5 Duvessa


Message History

Nothing quivered!
You hit the ogre.
The ogre is lightly wounded.
The ogre barely misses you.
You slash the ogre!
The ogre is severely wounded.
The ogre barely misses you.
Dowan casts a spell.
Dowan blinks!
You slash the ogre!
You kill the ogre!
Okawaru accepts your kill.
You barely miss Duvessa. Duvessa hits you with a +0 short sword.
Dowan's feet meld with the ground, briefly.
A hound comes into view.
The hound barks!
You slash Dowan!
Dowan is heavily wounded.
You hit Duvessa but do no damage. Duvessa hits you with a +0 short sword.
Dowan casts a spell at you.
You are outlined in light.
You slash Dowan!
You kill Dowan!
Okawaru accepts your kill.
Duvessa screams, "No!
How DARE you!"
Duvessa goes berserk!
You barely miss Duvessa. Duvessa hits you with a +0 short sword!
Duvessa hits you but does no damage.
You barely miss Duvessa. Duvessa hits you with a +0 short sword!
A bullfrog zombie comes into view.
You barely miss Duvessa. Duvessa hits you with a +0 short sword.
Duvessa hits you with a +0 short sword!!
* * * LOW HITPOINT WARNING * * *
Okay, then.
Okay, then.
Okay, then.
Duvessa hits you with a +0 short sword.
* * * LOW HITPOINT WARNING * * *
Okay, then.
Duvessa hits you with a +0 short sword!
You die...

+...+... ..
#...##.# ....
#...##.# ....
#...##.####....
+...........#
.........##.....#
.........##.....#
#+#......##.....#
+......++.@...#
#.<....##.eh..#
........##.....#
#####+####....)#
#####.# #)#
#....(.......
#...........o
#.8..........


You could see Duvessa (berserk) and a hound.

Vanquished Creatures
  Sigmund (D:4)
  An ogre (D:5)
  Blork the orc (D:5)
  Dowan (D:5)
  A centaur zombie (Ossuary)
  A human zombie (Ossuary)
  A bullfrog skeleton (D:4)
  2 mummies (Ossuary)
  An adder (D:4)
  A worm (D:3)
  3 dart slugs
  3 orcs (D:4)
  8 bats
  10 endoplasms
  4 giant cockroaches
  5 hobgoblins
  8 jackals
  5 kobolds
  2 quokkas (D:2)
  9 ball pythons
  2 frilled lizards (D:1)
  A gnoll zombie (Ossuary)
  6 goblins
  5 goblin zombies (Ossuary)
  6 orc zombies (Ossuary)
  9 rats
97 creatures vanquished.

Notes
Turn   | Place    | Note
-------+----------+-------------------------------------------
     0 | D:1      | Crownlay the Hill Orc Fighter began the quest for the Orb.
     0 | D:1      | Reached XP level 1. HP: 19/19 MP: 1/1
    24 | D:1      | Reached skill level 3 in Axes
   145 | D:1      | Reached XP level 2. HP: 26/26 MP: 2/2
   287 | D:1      | Found a faded altar of an unknown god.
   385 | D:1      | Reached skill level 4 in Axes
   676 | D:1      | Reached XP level 3. HP: 26/31 MP: 3/3
  1734 | D:3      | Reached XP level 4. HP: 34/39 MP: 4/4
  1825 | D:3      | Found a blossoming altar of Fedhas.
  1884 | D:3      | Reached skill level 5 in Axes
  1945 | D:3      | Found a shimmering blue altar of Sif Muna.
  2528 | D:4      | Noticed Sigmund
  2542 | D:4      | Killed Sigmund
  2543 | D:4      | Reached skill level 6 in Axes
  2543 | D:4      | Reached XP level 5. HP: 39/45 MP: 5/5
  2543 | D:4      | Reached XP level 6. HP: 45/51 MP: 6/6
  2716 | D:4      | Reached skill level 7 in Axes
  2760 | D:4      | Found a sand-covered staircase.
  2764 | Ossuary  | Entered an ossuary
  2781 | Ossuary  | Reached skill level 5 in Shields
  3687 | D:5      | Entered Level 5 of the Dungeon
  3687 | D:5      | Found an iron altar of Okawaru.
  3703 | D:5      | Noticed Blork the orc
  3704 | D:5      | Became a worshipper of Warmaster Okawaru
  3713 | D:5      | Killed Blork the orc
  3714 | D:5      | Reached skill level 8 in Axes
  3714 | D:5      | Reached XP level 7. HP: 32/57 MP: 7/7
  3884 | D:5      | Noticed Duvessa
  3884 | D:5      | Noticed Dowan
  3896 | D:5      | Killed Dowan
  3900 | D:5      | HP: 2/57 [Duvessa (4)]
  3902 | D:5      | Mangled by Duvessa

Illustrated notes

Levels and vault maps discovered:
D:1:      dpeg_arrival_pits, layout_basic, dreamdust_ecumenical_altar_grove,
          minmay_door_square, st_stairs_10
D:2:      layout_basic
D:3:      layout_basic, lemuel_crystal_altar, general_overflow_altar
D:4:      layout_loops_ring, enter_ossuary_5, minmay_misc_feat_rugged,
          uniq_sigmund
D:5:      layout_basic, nicolae_overflow_quartered_altars, serial_shops,
          nicolae_shop_behind_doors, grunt_ministairs_2,
          uniq_crazy_yiuf_cottage, uniq_blork_the_orc, uniq_duvessa

Skill      XL: |  1  2  3  4  5  6 |
---------------+-------------------+-----
Axes           | 3 4 6 8 |  8.7
Shields        | 4 5 |  5.8
Fighting       | |  3.6
Armour         | |  3.2

Action                   |  1- 3 |  4- 6 |  7- 9 || total
-------------------------+-------+-------+-------++-------
Melee: War axe           |   112 |   130 |     8 ||   250
Throw: Dart              |       |       |     4 ||     4
  Use: Scroll            |       |     2 |       ||     2
       Potion            |       |     1 |       ||     1
Armor: Scale mail        |    45 |    70 |     1 ||   116
Dodge: Dodged            |    55 |    87 |     3 ||   145
